AoeStats
← [ICMW] DEMBA

Arena

505320987Analyzed
4v4 RM · 23d ago on Sep 8, 2026· 44m 41s· 8 players
Game mode
Random Map
Map size
Large (8 player)
Population
200
Speed
Normal
Resources
Standard
Victory
Conquest
Starting age
Dark Age
Ending age
Imperial Age
RankedLock teamsTeams togetherTeam positionsShared explorationLock speedFull tech treeHidden civsTurbo modeCheats
Victory
Defeat
🇹🇷 Bohemians · Türkiye
1502
+10
🇹🇷 Dravidians · Türkiye
1449
+12
🇹🇷 Spanish · Türkiye
1444
+12
🇲🇽 Vietnamese · Mexico
1419
+14
🇹🇷 Bohemians · Türkiye
1480
-16
🇹🇷 Malians · Türkiye
1403
-13
🇹🇷 Persians · Türkiye
1301
-10
🇹🇷 Italians · Türkiye
1283
-9
botas.el.gato
9:49 Feudal Age
15:08 Castle Age
13:39 Double-Bit Axe
14:09 Horse Collar
16:32 Loom
24:14 Wheelbarrow
29:54 Imperial Age
28:01 Town Watch
28:28 Squires
28:37 Scale Mail Armor
28:54 Heavy Plow
29:09 Bow Saw
29:01 Heavy Plow
30:02 Fletching
33:18 Paper Money
32:46 Pikeman
35:36 Chemistry
35:12 Chain Mail Armor
35:33 Arson
36:10 Elite Fire Lancer
38:22 Plate Mail Armor
38:03 Forging
38:24 Hand Cart
38:41 Bodkin Arrow
38:48 Padded Archer Armor
40:35 Capped Ram
41:13 Gold Mining
42:00 Bracer
42:17 Leather Archer Armor
klostrofobikköstebek
10:45 Feudal Age
14:25 Castle Age
13:20 Double-Bit Axe
13:16 Horse Collar
16:06 Heavy Plow
17:42 Wheelbarrow
17:55 Loom
23:04 Hand Cart
23:17 Bow Saw
27:19 Imperial Age
24:59 Gold Mining
24:59 Stone Mining
25:49 Padded Archer Armor
25:42 Fletching
26:56 Ballistics
27:32 Leather Archer Armor
27:13 Bodkin Arrow
27:40 Elite Elephant Archer
29:28 Chemistry
29:29 Ring Archer Armor
30:40 Two-Man Saw
30:13 Pikeman
30:53 Squires
30:58 Bracer
32:46 Husbandry
32:16 Halberdier
32:41 Arson
32:58 Scale Mail Armor
33:09 Forging
34:46 Medical Corps
37:15 Chain Mail Armor
37:36 Iron Casting
38:00 Thumb Ring
38:28 Plate Mail Armor
41:43 Light Cavalry
44:32 Blast Furnace
43:38 Scale Barding Armor
43:20 Gambesons
44:46 Fortified Wall
44:32 Murder Holes
44:58 Bombard Tower
44:59 Shipwright
44:52 Masonry
44:48 Siphons
44:34 Heated Shot
44:55 Clinker Construction
44:55 Careening
44:36 Guard Tower
44:32 Arrowslits
Tameryig1t
11:09 Feudal Age
13:23 Loom
16:16 Castle Age
14:55 Double-Bit Axe
14:52 Horse Collar
18:33 Wheelbarrow
22:42 Fletching
23:36 Bodkin Arrow
27:37 Imperial Age
26:59 Heavy Plow
28:57 Chemistry
28:18 Ballistics
28:55 Bow Saw
29:23 Conscription
29:37 Bracer
35:00 Pikeman
35:26 Arson
35:42 Squires
36:55 Halberdier
38:57 Wagenburg Tactics
41:25 Padded Archer Armor
40:53 Elite Skirmisher
42:47 Imperial Skirmisher
43:10 Houfnice
45:25 Two-Man Saw
waLLefps.
12:25 Feudal Age
15:54 Castle Age
13:44 Loom
13:48 Double-Bit Axe
15:05 Horse Collar
17:13 Bow Saw
18:36 Heavy Plow
18:58 Padded Archer Armor
20:05 Leather Archer Armor
22:15 Bloodlines
23:21 Wheelbarrow
29:27 Imperial Age
27:35 Husbandry
27:46 Gold Mining
28:49 Fletching
29:39 Ballistics
31:38 Chemistry
33:13 Ring Archer Armor
33:29 Elite Conquistador
38:23 Conscription
39:37 Two-Man Saw
41:19 Fervor
41:30 Sanctity
42:13 Hand Cart
43:48 Town Watch
Uchiha
10:27 Feudal Age
14:31 Castle Age
12:55 Double-Bit Axe
15:00 Loom
15:51 Bow Saw
16:38 Horse Collar
22:10 Fervor
27:15 Fletching
30:16 Imperial Age
28:51 Fletching
28:55 Town Watch
30:11 Wheelbarrow
30:26 Ballistics
30:06 Bodkin Arrow
31:57 Chemistry
32:26 Padded Archer Armor
33:02 Sanctity
32:52 Murder Holes
33:07 Masonry
34:13 Bracer
33:51 Elite Skirmisher
35:02 Leather Archer Armor
35:23 Conscription
36:54 Ring Archer Armor
37:53 Conscription
42:38 Two-Man Saw
[ICMW] Telepuni
11:02 Feudal Age
14:54 Castle Age
13:10 Horse Collar
13:50 Double-Bit Axe
15:49 Bow Saw
20:47 Wheelbarrow
20:39 Bow Saw
22:58 Hand Cart
25:21 Gold Mining
27:21 Gold Shaft Mining
27:14 Bloodlines
27:05 Husbandry
31:27 Imperial Age
29:59 Scale Barding Armor
30:05 Forging
31:13 Cavalier
33:10 Chain Barding Armor
33:27 Iron Casting
34:33 Plate Barding Armor
35:00 Two-Man Saw
36:56 Savar
38:28 Fletching
38:39 Padded Archer Armor
39:50 Elite Skirmisher
40:27 Bodkin Arrow
Chayeli
11:02 Feudal Age
11:52 Loom
15:42 Castle Age
14:02 Double-Bit Axe
15:24 Horse Collar
16:51 Bow Saw
25:00 Gold Mining
29:21 Imperial Age
27:50 Wheelbarrow
27:06 Town Watch
28:17 Stone Mining
28:59 Fletching
29:10 Padded Archer Armor
31:10 Chemistry
30:08 Murder Holes
30:24 Masonry
31:12 Bodkin Arrow
31:33 Leather Archer Armor
34:48 Bracer
35:18 Ring Archer Armor
36:22 Architecture
36:13 Ballistics
36:14 Bombard Tower
36:59 Hand Cart
40:36 Forging
40:32 Scale Barding Armor
40:30 Town Patrol
41:55 Iron Casting
41:38 Husbandry
43:18 Bloodlines
43:15 Light Cavalry
[ICMW] DEMBA
7:59 Loom
9:53 Feudal Age
16:15 Castle Age
15:35 Double-Bit Axe
15:36 Horse Collar
20:34 Scale Barding Armor
20:40 Forging
20:34 Husbandry
21:14 Bloodlines
29:07 Imperial Age
27:13 Bow Saw
29:58 Iron Casting
29:44 Chain Barding Armor
30:59 Chemistry
30:41 Scale Mail Armor
30:43 Squires
32:30 Ballistics
35:15 Heavy Camel Rider
36:48 Farimba
37:08 Conscription
37:39 Chain Barding Armor
39:38 Plate Barding Armor
Connection lost

Rejoining the realm…

Still unreachable

The connection could not be restored.

Session expired

The server has moved on; the page needs a fresh start.